 Dungeon Crawl Stone Soup version 0.29.1-14-g9c671dbff4 (webtiles) character file.

Game seed: 11768431426798056971

60 Hercules1031 the Shield-Bearer (level 4, -3/37 HPs)
             Began as a Formicid Fighter on Feb 14, 2023.
             Slain by Crazy Yiuf
             ... wielding a +3 quarterstaff of chaos
              (6 damage)
             ... on level 2 of the Dungeon.
             The game lasted 00:04:17 (1532 turns).

Hercules1031 the Shield-Bearer (Formicid Fighter)   Turns: 1532, Time: 00:04:17

Health: -3/37      AC:  9    Str: 22    XL:     4   Next: 25%
Magic:  4/4        EV: 12    Int:  8    God:
Gold:   48         SH:  5    Dex: 13    Spells: 3/3 levels left

rFire   . . .      SeeInvis +   a - +0 war axe
rCold   . . .      Faith    .   c - +0 buckler
rNeg    . . .      Spirit   .   h - +0 chain mail
rPois   .          Reflect  .   (helmet unavailable)
rElec   .          Harm     .   (no cloak)
rCorr   .          Rampage  .   (no gloves)
Will    .....                   (no boots)
Stlth   ..........              (no amulet)
HPRegen 0.12/turn               (no ring)
MPRegen 0.09/turn               (no ring)

@: agile
A: permanent stasis, dig shafts and tunnels, antennae 3, four strong arms
a: Dig, Shaft Self


You were on level 2 of the Dungeon.
You visited 1 branch of the dungeon, and saw 2 of its levels.

You collected 48 gold pieces.

Inventory:

Hand Weapons
 a - a +0 war axe (weapon)
Armour
 b - a +0 scale mail
 c - a +0 buckler (worn)
 h - a +0 chain mail (worn)
Potions
 d - a potion of might
 j - a potion of brilliance
 l - 2 potions of lignification


   Skills:
 * Level 3.8 Fighting
 + Level 2.6 Axes
 + Level 3.9 Armour
 + Level 4.7 Shields


You had 3 spell levels left.
You didn't know any spells.
Your spell library contained the following spells:

 Spells                   Type           Power      Damage    Failure   Level
 Ensorcelled Hibernation  Hex/Ice        0%         N/A       100%        2
 Passwall                 Tmut/Erth      0%         N/A       100%        2
 Gell's Gravitas          Tloc           0%         N/A       100%        3
 Teleport Other           Tloc           0%         N/A       100%        3
 Dispersal                Tloc           0%         N/A       100%        6
 Swiftness                Air            Unusable   N/A       N/A         3

Dungeon Overview and Level Annotations

Branches:
Dungeon (2/15)

Altars:
Gozag

Shops:
D:2 *

Annotations:
D:2 Crazy Yiuf


Innate Abilities, Weirdness & Mutations

You cannot be hasted, slowed, berserked, paralysed or teleported.
You can dig through walls and to a lower floor.
You have a pair of large antennae on your head. (SInv)
Your four strong arms can wield two-handed weapons with a shield.


Message History

You hit Crazy Yiuf but do no damage.
Crazy Yiuf is moderately wounded.
Crazy Yiuf barely misses you.
Crazy Yiuf hits you with a +3 quarterstaff of chaos!
You are poisoned.
You hit Crazy Yiuf but do no damage.
Crazy Yiuf is moderately wounded.
You feel very sick. You block Crazy Yiuf's attack.
You hit Crazy Yiuf.
Crazy Yiuf is heavily wounded.
You feel sick.
Crazy Yiuf cries, "Flower high unthinkable!"
You block Crazy Yiuf's attack.
Crazy Yiuf hits you with a +3 quarterstaff of chaos.
You feel agile all of a sudden.
You hit Crazy Yiuf but do no damage.
Crazy Yiuf is heavily wounded.
You feel sick. You block Crazy Yiuf's attack.
You closely miss Crazy Yiuf.
Crazy Yiuf is heavily wounded.
You feel sick. Crazy Yiuf completely misses you.
You slash Crazy Yiuf!
Crazy Yiuf is almost dead.
You feel sick. Crazy Yiuf barely misses you.
Crazy Yiuf hits you with a +3 quarterstaff of chaos.
* * * LOW HITPOINT WARNING * * *
Crazy Yiuf burns you.
* * * LOW HITPOINT WARNING * * *
You hit Crazy Yiuf.
Crazy Yiuf is almost dead.
You feel sick.
You are no longer poisoned.
Crazy Yiuf hits you but does no damage.
You completely miss Crazy Yiuf.
Crazy Yiuf is almost dead.
Crazy Yiuf hits you but does no damage.
Your stasis prevents you from being hasted.
Crazy Yiuf hits you with a +3 quarterstaff of chaos.
You die...

.##.##.....####..#####..#
.........÷.# #....#
#..... ###.####.#.#
♣....♣ #.....#
.....>##.#.# ♣...♣♣
#.....# ..#.#.##.#.#
♣♣.♣♣ #.....#
......##.#)# ♣.♣♣ ###.###
#.##.....#.# ♣♣.♣ .#
#.##...###.# ♣.♣♣
#.##.#.###.# ♣♣@♣
#.##.#.....# #g#
#.##.#####.# ... #.##.#
#.# #...# #.##.# #.#
#..)# ..##.# #.# #####
####.#####.#
##.........#####
##................


You could see Crazy Yiuf.

Vanquished Creatures
  3 adders (D:2)
  2 worms (D:2)
  A dart slug (D:1)
  A ball python (D:1)
  2 giant cockroaches
  3 hobgoblins
  6 jackals (D:2)
  3 goblins
  4 kobolds
  2 rats
27 creatures vanquished.

Vanquished Creatures (others)
  A fungus (D:1)
1 creature vanquished.

Grand Total: 28 creatures vanquished

Notes
Turn   | Place    | Note
-------+----------+-------------------------------------------
     0 | D:1      | Hercules1031 the Formicid Fighter began the quest for the
                  | Orb.
     0 | D:1      | Reached XP level 1. HP: 18/18 MP: 1/1
   297 | D:1      | Found a faded altar of an unknown god.
   348 | D:1      | Reached XP level 2. HP: 20/24 MP: 2/2
   796 | D:2      | Found an opulent altar of Gozag.
   819 | D:2      | Reached XP level 3. HP: 12/29 MP: 3/3
  1294 | D:2      | Reached XP level 4. HP: 37/37 MP: 4/4
  1423 | D:2      | Found Orycsigu's General Store.
  1518 | D:2      | Found a runed translucent door.
  1519 | D:2      | Noticed Crazy Yiuf
  1532 | D:2      | Slain by Crazy Yiuf

Illustrated notes

Levels and vault maps discovered:
D:1:      nzn_arrival_settlement, layout_basic,
          shapermc_ecumenical_altar_mp_urbaneastern
D:2:      layout_basic, basic_altar, serial_shops, nicolae_shop_waterfront,
          st_stairs_12, minmay_split_cup_small, uniq_crazy_yiuf_cottage

Action                   |  1- 3 |  4- 6 || total
-------------------------+-------+-------++-------
Melee: War axe           |    83 |    21 ||   104
  Use: Scroll            |       |     7 ||     7
Armor: Scale mail        |     7 |       ||     7
       Chain mail        |    33 |    14 ||    47
Dodge: Dodged            |    39 |     8 ||    47
Block: Buckler           |    23 |     8 ||    31
